 Dungeon Crawl Stone Soup version 0.31-a0-702-gf82c85558f (webtiles) character file.

Game seed: 5220880875914777593

749 Malachi the Changeling (level 7, -1/47 HPs)
             Began as an Octopode Shapeshifter on Sept 8, 2023.
             Slain by an ice beast (4 damage)
             ... on level 6 of the Dungeon.
             The game lasted 00:04:47 (3951 turns).

Malachi the Changeling (Octopode Shapeshifter)      Turns: 3951, Time: 00:04:48

Health: -1/47      AC:  1    Str: 21    XL:     7   Next: 77%
Magic:  7/7        EV: 14    Int: 12    God:
Gold:   106        SH:  0    Dex: 12    Spells: 6/6 levels left

rFire   + .          .
                       - Unarmed
rCold   + . .        (no shield)
rNeg    . . .        (helmet currently unavailable)
rPois   +            (no amulet)
rElec   +            i - +6 ring of strength
rCorr   +            (no ring)
SInv    .            (no ring)
Will    .....        (no ring)
Stlth   ++           (no ring)
HPRegen 0.27/turn    (no ring)
MPRegen 0.10/turn    (no ring)
                     (no ring)

%: no passive effects
@: beast-form, resistant
A: beast (slay +3), almost no armour, amphibious, 8 rings, camouflage 1,
gelatinous body 1, (nimble swimmer 1), tentacles
a: Begin Untransformation


You were on level 6 of the Dungeon.
You were a hulking beast.
You visited 1 branch of the dungeon, and saw 5 of its levels.

You collected 106 gold pieces.

Inventory:

Jewellery
 i - a +6 ring of strength (left tentacle)
 n - a ring of wizardry
Talismans
 b - a beast talisman (active)
 c - a flux talisman
Scrolls
 e - a scroll of teleportation {unknown}
 h - 4 scrolls of noise {unknown}
 k - a scroll of poison {unknown}
 m - a scroll of vulnerability {unknown}
 p - a scroll of fear {unknown}
Potions
 a - 3 potions of lignification
 d - 2 potions of might {unknown}
 f - a potion of attraction {unknown}
 g - a potion of magic {unknown}
 j - 2 potions of ambrosia {unknown}
 l - a potion of berserk rage {unknown}
 o - a potion of haste {unknown}
 q - a potion of curing {unknown}


   Skills:
 + Level 3.7 Fighting
 + Level 4.1 Dodging
 + Level 4.8 Unarmed Combat
 * Level 5.6 Shapeshifting


You had 6 spell levels left.
You didn't know any spells.
Your spell library contained the following spells:

 Spells                   Type           Power      Damage    Failure   Level
 Sting                    Tmut/Pois      0%         1d3       32%         1
 Poisonous Vapours        Pois/Air       0%         N/A       45%         2
 Manifold Assault         Tloc           0%         N/A       97%         4
 Olgreb's Toxic Radiance  Pois           0%         N/A       97%         4
 Dispersal                Tloc           0%         N/A       100%        6
 Disjunction              Tloc           0%         N/A       100%        8


Dungeon Overview and Level Annotations

Branches:
Dungeon (6/15)
 Temple: D:4-7

Altars:
Hepliaklqana
Vehumet

Annotations:
D:4 2 transporters, Revguard's ghost, amateur TeGl


Innate Abilities, Weirdness & Mutations

You are a hulking beast.
Your limbs bulge with bestial killing power. (Slay +3)
You cannot wear most types of armour.
You are amphibious.
You can wear up to eight rings at the same time.
Your skin changes colour to match your surroundings (Stealth+).
Your rubbery body absorbs attacks. (AC +1, EV +1)
((You are camouflaged when in or above water. (Stealth+)))
You have tentacles for arms and can constrict up to eight enemies at once.


Message History

Partly explored, unvisited transporter.
Partly explored, unvisited transporter.
Partly explored, unvisited transporter.
Partly explored, unvisited transporter.
Found a potion of resistance.
Found 6 gold pieces.
There is a transporter here.
There is a transporter here.
There is a transporter here.
You enter the transporter and appear at another place.
r - a potion of resistance You feel protected.
You now have 106 gold pieces (gained 6).
You open the gate. 3 ice beasts come into view.
You are engulfed in freezing vapours.
You resist.
There is an open gate here.
You are engulfed in freezing vapours.
You resist.
You are engulfed in freezing vapours.
You resist.
You are engulfed in freezing vapours.
You resist.
* * * LOW HITPOINT WARNING * * *
The ice beast attacks as it pursues you!
The ice beast closely misses you.
You see here 14 gold pieces.
You see here a book of the Warp.
You pick up a book of the Warp and begin reading...
You add the spells Manifold Assault, Dispersal and Disjunction to your library.
The ice beast closely misses you. The ice beast hits you.
* * * LOW HITPOINT WARNING * * *
The ice beast freezes you. You resist.
* * * LOW HITPOINT WARNING * * *
The ice beast hits you.
* * * LOW HITPOINT WARNING * * *
The ice beast freezes you. You resist.
* * * LOW HITPOINT WARNING * * *
The ice beast hits you but does no damage.
There is a transporter here.
You enter the transporter and appear at another place.
The ice beast hits you.
You die...

#.##.##.# #.# #..#.##.# #.#
##.#..##.# #.#
#.###..############ ##.##
##########○...○#....###...##
..#○.○☼.○#°○○.°#....##.....#
..#.○○○°○#°○Y.○#....##.....#
..#..#.#.○.○.$.#Y...##.....#
.©#○○©...○°°.)§#hY.........#
..#○.#.#.'.°.$[#...###.###.#
.##.○.°.○#○°°○°###.###.###.#
.##○○○○°°#.○°○○###.#.......#
.#########.○○°°# #.#.#.#####
.# #....####### #.#.#.# .#
#.#.##.##.# #.....# .#
#.#....##.######.### .#
#>#.##.........).)#


You could see 3 ice beasts.

Vanquished Creatures
  An ice beast (D:6)
  A phantom (D:6)
  A kobold brigand (D:6)
  A bullfrog (D:6)
  2 hounds
  An orc priest (D:6)
  A sleepcap (D:6)
  4 iguanas
  3 orc wizards (D:6)
  6 adders
  A white imp (D:6)
  An ufetubus (D:6)
  5 worms
  6 dart slugs
  9 orcs
  4 endoplasms
  A giant cockroach (D:2)
  5 goblins
  5 hobgoblins
  A quokka (D:1)
  7 ball pythons
  3 bats
  A frilled lizard (D:3)
  5 kobolds
  5 rats
80 creatures vanquished.

Notes
Turn   | Place    | Note
-------+----------+-------------------------------------------
     0 | D:1      | Malachi the Octopode Shapeshifter began the quest for the
                  | Orb.
     0 | D:1      | Reached XP level 1. HP: 13/13 MP: 1/1
    60 | D:1      | Reached XP level 2. HP: 18/18 MP: 2/2
   730 | D:2      | Reached XP level 3. HP: 17/23 MP: 3/3
  1293 | D:2      | Found a radiant altar of Vehumet.
  1325 | D:2      | Reached XP level 4. HP: 26/29 MP: 4/4
  1962 | D:3      | Reached XP level 5. HP: 34/34 MP: 5/5
  2247 | D:3      | Reached skill level 4 in Shapeshifting
  2295 | D:3      | Found a hazy altar of Hepliaklqana.
  2453 | D:4      | Found a transporter.
  2456 | D:4      | Noticed Revguard's ghost (amateur TeGl)
  2457 | D:4      | Found a transporter.
  2550 | D:4      | You fall into a shaft and drop 2 floors!
  2550 | D:6      | Found a transporter.
  2566 | D:6      | Reached XP level 6. HP: 40/41 MP: 6/6
  2809 | D:6      | Found a transporter.
  3117 | D:6      | Reached skill level 5 in Shapeshifting
  3117 | D:6      | Reached XP level 7. HP: 25/46 MP: 7/7
  3950 | D:6      | HP: 2/47 [ice beast (3)]
  3951 | D:6      | Slain by an ice beast

Illustrated notes

Levels and vault maps discovered:
D:1:      lemuel_arrival_broad_hall, layout_basic
D:2:      layout_loops_cross, serial_co_window_serial, co_window_corner_a,
          co_window_paths_a, co_window_paths_b, co_window_of_opportunity_a,
          co_window_cross_1, co_window_paths_a, co_window_paths_b,
          co_window_of_opportunity_c, co_window_of_opportunity_c,
          co_window_paths_c, co_window_unsneaky_path_e, co_window_4corner_a,
          glass_columns_b, glass_columns_a, basic_altar, nicolae_wormholes
D:3:      layout_loops_ring, nzn_hepliaklqana_mist_gate
D:4:      layout_loops_ring, serial_shops, nicolae_shop_gaudy_bauble,
          gammafunk_ghost_smash, nrook_loot_triangle
D:6:      gammafunk_cloud_chamber, layout_loops_cross

Skill      XL: |  1  2  3  4  5  6  7 |
---------------+----------------------+-----
Fighting       | 2 3 |  3.7
Shapeshifting  | 4 5 |  5.6
Dodging        | 3 4 |  4.1
Unarmed Combat | 4 |  4.8

Action                     |  1- 3 |  4- 6 |  7- 9 || total
---------------------------+-------+-------+-------++-------
  Melee: Unarmed           |    57 |    85 |    29 ||   171
         Tentacles         |    10 |    24 |     6 ||    40
         Constrict         |    16 |    26 |     4 ||    46
         Punch             |       |     5 |     1 ||     6
    Use: Potion            |       |       |     1 ||     1
   Stab: Sleeping          |     6 |     6 |       ||    12
 Armour: Skin              |    21 |    28 |    21 ||    70
  Dodge: Dodged            |    26 |    29 |    12 ||    67

Table legend: (Time is in decaauts)
 A = Elapsed time spent in this place.
 B = Non-inter-level travel time spent in this place.
 C = Inter-level travel time spent in this place.
 D = Time resting spent in this place.
 E = Time spent auto-exploring this place.
 F = Levels seen in this place.
 G = Mean time per level.
                   A        B        C        D        E       F      G
               +--------+--------+--------+--------+--------+-----+--------+
         Total |   3937 |   3813 |    124 |    566 |   2742 |   5 |  787.4 |
       Dungeon |   3937 |   3813 |    124 |    566 |   2742 |   5 |  787.4 |
               +--------+--------+--------+--------+--------+-----+--------+

Top non-repeatable levels by time:
     D:6: 1396 daAuts
     D:2: 1161 daAuts
     D:3: 676 daAuts
     D:1: 550 daAuts
     D:4: 154 daAuts
